 Dungeon Sprint DCSS version 0.14-a0-2723-gdc5d926 (webtiles) character file.

16454 BluebellGnoll the Imperceptible (level 11, -10/47 HPs)
             Began as a Spriggan Enchanter on Feb 19, 2014.
             Was the Champion of Vehumet.
             Mangled by Agnes
             ... wielding a +0,+3 anti-magic lajatang
              (34 damage)
             ... in the Dungeon (Sprint IX: "|||||||||||||||||||||||||||||").
             The game lasted 00:35:29 (3404 turns).

BluebellGnoll the Imperceptible (SpEn)              Turns: 3404, Time: 00:35:29

HP -10/47        AC  6     Str  7      XL: 11   Next: 98%
MP   2/36        EV 36     Int 21      God: Vehumet [******]
Gold 1304        SH  0     Dex 18      Spells:  9 memorised, 13 levels left

rFire  + . .     SeeInvis +     r - +4,+2 cutlass (elec)
rCold  . . .     Clarity  +     d - +2 orc robe {rF+}
rNeg   . . .     Conserve .     (shield restricted)
rPois  .         rCorr    .     (helmet restricted)
rElec  .         rRot     .     c - +1 elf cloak
SustAb . .       Spirit   .     (gloves unavailable)
rMut   .         Warding  .     (boots unavailable)
Saprov . . .     NoTele   +     C - amulet of clarity
MR     +....                    p - +3 ring of strength
                                o - +2 ring of evasion

@: bonded with blade, very quick, somewhat resistant to hostile enchantments,
incredibly stealthy
A: unfitting armour, see invisible, agile 1, herbivore 3, speed 3, slow
metabolism 2
a: Renounce Religion


You were in the Dungeon.
You worshipped Vehumet.
Vehumet was exalted by your worship.
You were not hungry.

You visited 1 branch You collected 1914 gold pieces.
You spent 610 gold pieces at shops.

Inventory:

Hand weapons
 r - a +4,+2 cutlass of electrocution (weapon)
 D - a +1,+3 dagger of distortion
Missiles
 y - 11 darts (quivered)
Armour
 c - a +1 elven cloak (worn)
 d - a +2 orcish robe of fire resistance (worn)
 z - a +1 robe of positive energy
Magical devices
 n - a wand of fire (6)
 s - a wand of confusion (7)
Comestibles
 B - 4 bread rations
Scrolls
 k - 2 scrolls of blinking
 l - 2 scrolls of remove curse
 m - a scroll of amnesia
 t - a scroll of enchant armour
 u - a scroll of recharging
 x - a scroll of identify
 G - a scroll of fear
 H - 2 scrolls of enchant weapon I
 I - a scroll of fog
Jewellery
 b - an uncursed ring of poison resistance
 o - a +2 ring of evasion (left hand)
 p - a +3 ring of strength (right hand)
 v - an uncursed ring of protection from fire
 C - an amulet of clarity (around neck)
 E - an uncursed ring of ice
Potions
 a - a potion of might
 e - a potion of porridge
 f - 3 potions of curing
 g - 5 potions of heal wounds
 h - a potion of speed
 i - 2 potions of magic
 j - a potion of invisibility
 q - a potion of agility
 A - 2 potions of brilliance
 F - 2 potions of cure mutation
Magical staves
 w - an uncursed staff of energy


   Skills:
 * Level 8.1 Short Blades
 - Level 1.1 Throwing
 * Level 18.0 Dodging
 + Level 22.3 Stealth
 - Level 16.5 Spellcasting
 - Level 7.4 Conjurations
 - Level 12.5 Hexes
 - Level 7.3 Earth Magic


You had 13 spell levels left.
You knew the following spells:

 Your Spells              Type           Power        Failure   Level  Hunger
a - Corona                Hex            ######.      1%          1    None
b - Ensorcelled Hibernat  Hex/Ice        #####.       1%          2    None
c - Confuse               Hex            ######..     1%          3    None
d - Sure Blade            Hex/Chrm       #####.....   1%          2    None
e - Enslavement           Hex            ######..     1%          4    None
f - Invisibility          Hex            ######..     3%          6    #####..
g - Inner Flame           Hex/Fire       #####...     1%          3    None
h - Stone Arrow           Conj/Erth      #####.       1%          3    None
i - Iron Shot             Conj/Erth      #####.....   7%          6    #####..


Dungeon Overview and Level Annotations

Branches:
Dungeon (1/1)

Altars:
Ashenzari
Cheibriados
Dithmenos
Elyvilon
Fedhas
Kikubaaqudgha
Makhleb
Nemelex Xobeh
Okawaru
Sif Muna
Trog
Vehumet
Xom
Yredelemnul
Zin
The Shining One

Shops:
D (!=(

Annotations:
D Agnes


Innate Abilities, Weirdness & Mutations

You are tiny and cannot use many weapons and most armour.
You have supernaturally acute eyesight.
You are a herbivore.
You cover ground extremely quickly.
You need consume almost no food.
You are agile. (Dex +2)


Message History

Aim: Agnes, wielding a glowing lajatang and wearing a glowing robe (moderately wounded) Agnes resists with almost no effort.
Agnes misses you.
Casting: Confuse
Confirm with . or Enter, or press ? or * to list all spells.
Aiming: Confuse
Press: ? - help, Shift-Dir - straight line, f/p - Agnes
Aim: Agnes, wielding a glowing lajatang and wearing a glowing robe (moderately wounded) Agnes resists with almost no effort.
Agnes hits you with a glowing lajatang!
You feel your power leaking away.
Agnes hits you with an anti-magic lajatang!
You feel your power leaking away.
Casting: Confuse
Confirm with . or Enter, or press ? or * to list all spells.
Aiming: Confuse
Press: ? - help, Shift-Dir - straight line, f/p - Agnes
Aim: Agnes, wielding an anti-magic lajatang and wearing a glowing robe (moderately wounded) Agnes resists with almost no effort.
Agnes hits you with an anti-magic lajatang!
Ouch! That really hurt!
You die...

▓%▓.▓.▓.▓)▓.▓)▓.▓,*,*,*,*,*,*,*,
▓.▓.▓.▓.▓)▓.▓)▓.▓,*,*,*,*,*,* *,
▓'▓.▓.▓.▓)▓.▓)▓.▓,*,*,*,*,*,*, ,
▓_▓.▓'▓.▓)▓.▓)▓.▓,*,*,*,*,*,*+*,
▓_▓.▓%▓.▓.▓.▓)▓.▓,*,*,*,*,* *,*,
▓_▓.▓%▓.▓.▓.▓.▓.▓,*,*,*,*,* ,*,
▓_▓.▓%▓.▓.▓.▓[▓.▓, ,*,*,*,*,*,*,
▓_▓.▓%▓%▓.▓.▓[▓i▓+*, ,*,*,*, ,*,
▓_▓.▓.▓.▓.▓.▓[▓@▓,*,*,*,*,*,*,*,
▓_▓.▓.▓.▓'▓.▓[▓.▓,*,*,*,*,*,*,*,
▓_▓.▓.▓.▓)▓)▓[▓.▓,*, ,*,*,*,*, ,
▓_▓.▓.▓.▓)▓.▓[▓.▓,*,*,*,*,*,*,*,
▓_▓.▓.▓.▓[▓.▓[▓.▓,*,*,*,*,*,*,*,
▓_▓.▓'▓.▓)▓.▓[▓.▓≈*,*,*,* *,*,*,
▓_▓.▓.▓.▓[▓.▓[▓.▓≈*,*,*,*,*,*,*,
▓_▓.▓.▓.▓)▓.▓.▓.▓≈*,*,*,*,*,*,*,
▓_▓.▓.▓.▓)▓.▓.▓.▓≈*,*,*,*,*,*,*,


You could see Agnes.

Vanquished Creatures
  7 ogre magi (D)
  2 centaur warriors (D)
  A lindwurm (D)
  A hill giant (D)
  An orc knight (D)
  2 unseen horrors (D)
  An orc sorcerer (D)
  2 spiny worms (D)
  Psyche (D)
  A spiny frog (D)
  A yaktaur (D)
  6 two-headed ogres (D)
  A troll (D)
  A komodo dragon (D)
  A giant firefly (D)
  A slime creature (D)
  2 blink frogs (D)
  2 ugly things (D)
  A yak (D)
  Eustachio (D)
  An elephant slug (D)
  Grum (D)
  2 wolves (D)
  10 orc warriors (D)
  4 ogres (D)
  A yellow wasp (D)
  3 giant frogs (D)
  2 brain worms (D)
  A water moccasin (D)
  An agate snail (D)
  A hound (D)
  An iguana (D)
  An orc priest (D)
  7 orc wizards (D)
  A worker ant (D)
  A boggart (D)
  3 adders (D)
  A giant mite (D)
  2 worms (D)
  A giant eyeball (D)
  10 orcs (D)
  4 hobgoblins (D)
  A kobold (D)
  A quokka (D)
  A ball python (D)
  4 bats (D)
  A giant cockroach zombie (D)
  A goblin skeleton (D)
  A rat skeleton (D)
105 creatures vanquished.

Vanquished Creatures (others)
  A rat simulacrum (D)
1 creature vanquished.

Grand Total: 106 creatures vanquished

Notes
Turn   | Place    | Note
--------------------------------------------------------------
     0 | D        | BluebellGnoll, the Spriggan Enchanter, began the quest for the Orb.
     0 | D        | Reached XP level 1. HP: 9/9 MP: 4/4
    10 | D        | Reached skill level 4 in Stealth
    14 | D        | Reached skill level 5 in Stealth
    25 | D        | Reached skill level 6 in Stealth
    57 | D        | Noticed a worker ant
    62 | D        | Killed a worker ant
    62 | D        | Reached skill level 9 in Stealth
    62 | D        | Reached XP level 2. HP: 10/13 MP: 7/7
    62 | D        | Reached XP level 3. HP: 12/16 MP: 9/9
    65 | D        | Reached skill level 10 in Stealth
    85 | D        | Learned a level 2 spell: Ensorcelled Hibernation
    89 | D        | Learned a level 3 spell: Confuse
   483 | D        | Found a glowing silver altar of Zin.
   483 | D        | Found a glowing golden altar of the Shining One.
   483 | D        | Found an ancient bone altar of Kikubaaqudgha.
   483 | D        | Found an iron altar of Okawaru.
   483 | D        | Found a shattered altar of Ashenzari.
   483 | D        | Found a shadowy altar of Dithmenos.
   483 | D        | Found a basalt altar of Yredelemnul.
   484 | D        | Found a white marble altar of Elyvilon.
   485 | D        | Found a radiant altar of Vehumet.
   486 | D        | Found a snail-covered altar of Cheibriados.
   487 | D        | Found a burning altar of Makhleb.
   488 | D        | Found a deep blue altar of Sif Muna.
   489 | D        | Found a shimmering altar of Xom.
   490 | D        | Found a sparkling altar of Nemelex Xobeh.
   491 | D        | Found a bloodstained altar of Trog.
   492 | D        | Found a blossoming altar of Fedhas.
   493 | D        | Found an iron altar of Okawaru.
   494 | D        | Became a worshipper of Vehumet
   495 | D        | Found a bloodstained altar of Trog.
   527 | D        | Got the +4,+4 quarterstaff "Rizaeg Otisch" {flame, SInv}
   622 | D        | Noticed an orc wizard
   622 | D        | Noticed an iguana
   624 | D        | Killed an orc wizard
   624 | D        | Reached skill level 5 in Hexes
   640 | D        | Killed an iguana
   640 | D        | Reached skill level 5 in Spellcasting
   640 | D        | Reached XP level 4. HP: 21/21 MP: 2/17
   642 | D        | Acquired Vehumet's first power
   642 | D        | Offered knowledge of Shock by Vehumet.
   665 | D        | Learned a level 2 spell: Sure Blade
   670 | D        | Learned a level 4 spell: Enslavement
   769 | D        | Noticed a komodo dragon
   769 | D        | Noticed a hill giant
   769 | D        | Noticed a hound
   769 | D        | Noticed a slime creature
   778 | D        | a komodo dragon (ally) was killed
   870 | D        | Killed a hill giant
   870 | D        | Offered knowledge of Magic Dart by Vehumet.
   870 | D        | Reached skill level 12 in Spellcasting
   870 | D        | Reached XP level 5. HP: 24/24 MP: 0/26
   870 | D        | Reached XP level 6. HP: 28/28 MP: 0/28
   870 | D        | Reached XP level 7. HP: 32/32 MP: 0/29
   883 | D        | Learned a level 6 spell: Invisibility
  1113 | D        | Killed a hound
  1113 | D        | Offered knowledge of Inner Flame by Vehumet.
  1113 | D        | Acquired Vehumet's second power
  1119 | D        | Learned a level 3 spell: Inner Flame
  1167 | D        | Killed a slime creature
  1167 | D        | Reached skill level 13 in Spellcasting
  1185 | D        | Offered knowledge of Stone Arrow by Vehumet.
  1191 | D        | Learned a level 3 spell: Stone Arrow
  1384 | D        | Noticed a blink frog
  1384 | D        | Noticed an agate snail
  1384 | D        | Noticed a water moccasin
  1385 | D        | Noticed a blink frog
  1388 | D        | Killed a blink frog
  1388 | D        | Reached skill level 5 in Dodging
  1390 | D        | Noticed a yellow wasp
  1397 | D        | Killed an agate snail
  1397 | D        | Acquired Vehumet's third power
  1397 | D        | Reached XP level 8. HP: 36/36 MP: 31/31
  1401 | D        | Killed a water moccasin
  1401 | D        | Offered knowledge of Airstrike by Vehumet.
  1417 | D        | Killed a yellow wasp
  1450 | D        | Killed a blink frog
  1450 | D        | Reached skill level 14 in Spellcasting
  1655 | D        | Noticed an elephant slug
  1655 | D        | Noticed a yak
  1655 | D        | Noticed a giant frog
  1655 | D        | Noticed a giant frog
  1656 | D        | Noticed a giant frog
  1658 | D        | Offered knowledge of Poison Arrow by Vehumet.
  1690 | D        | Killed an elephant slug
  1690 | D        | Reached skill level 1 in Conjurations
  1696 | D        | Killed a yak
  1700 | D        | Killed a giant frog
  1716 | D        | Killed a giant frog
  1719 | D        | Killed a giant frog
  1758 | D        | Noticed a spiny frog
  1766 | D        | Killed a spiny frog
  1766 | D        | Reached skill level 15 in Spellcasting
  1766 | D        | Reached XP level 9. HP: 39/39 MP: 31/34
  1769 | D        | Noticed a lindwurm
  1769 | D        | Noticed a spiny worm
  1769 | D        | Noticed a spiny worm
  1769 | D        | Noticed a giant firefly
  1769 | D        | Noticed a brain worm
  1770 | D        | Noticed a brain worm
  1783 | D        | Killed a lindwurm
  1783 | D        | Reached skill level 16 in Stealth
  1787 | D        | Killed a spiny worm
  1796 | D        | Killed a spiny worm
  1796 | D        | Reached skill level 17 in Stealth
  1801 | D        | Killed a giant firefly
  1803 | D        | Killed a brain worm
  1805 | D        | Killed a brain worm
  1805 | D        | Reached skill level 18 in Stealth
  1999 | D        | Noticed Eustachio
  2017 | D        | Killed Eustachio
  2017 | D        | Offered knowledge of Iron Shot by Vehumet.
  2028 | D        | Learned a level 6 spell: Iron Shot
  2042 | D        | Noticed a wolf
  2046 | D        | Noticed Grum
  2062 | D        | Killed a wolf
  2062 | D        | Reached XP level 10. HP: 44/44 MP: 29/35
  2076 | D        | Noticed a wolf
  2082 | D        | Killed Grum
  2084 | D        | Killed a wolf
  2084 | D        | Reached skill level 10 in Dodging
  2110 | D        | Noticed an orc wizard
  2110 | D        | Noticed an orc wizard
  2110 | D        | Noticed an orc priest
  2110 | D        | Noticed an orc wizard
  2110 | D        | Noticed an orc wizard
  2110 | D        | Noticed an orc warrior
  2111 | D        | Noticed an orc wizard
  2112 | D        | Killed an orc wizard
  2114 | D        | Killed an orc wizard
  2116 | D        | Killed an orc priest
  2118 | D        | Killed an orc wizard
  2120 | D        | Killed an orc wizard
  2120 | D        | Offered knowledge of Ignite Poison by Vehumet.
  2121 | D        | Noticed an orc warrior
  2128 | D        | Killed an orc warrior
  2141 | D        | Killed an orc wizard
  2146 | D        | Killed an orc warrior
  2332 | D        | Noticed an orc warrior
  2332 | D        | Noticed an orc warrior
  2332 | D        | Noticed an orc knight
  2332 | D        | Noticed an orc warrior
  2332 | D        | Noticed an orc warrior
  2332 | D        | Noticed an orc warrior
  2333 | D        | Noticed an orc warrior
  2334 | D        | Killed an orc warrior
  2335 | D        | Noticed an orc wizard
  2337 | D        | Noticed an orc sorcerer
  2338 | D        | Killed an orc warrior
  2339 | D        | Noticed an orc warrior
  2340 | D        | Killed an orc knight
  2340 | D        | Offered knowledge of Fulminant Prism by Vehumet.
  2341 | D        | Noticed an orc warrior
  2342 | D        | Killed an orc warrior
  2407 | D        | Killed an orc warrior
  2414 | D        | Killed an orc sorcerer
  2414 | D        | Reached skill level 15 in Dodging
  2425 | D        | Killed an orc warrior
  2443 | D        | Killed an orc warrior
  2456 | D        | Killed an orc wizard
  2462 | D        | Killed an orc warrior
  2500 | D        | Killed an orc warrior
  2596 | D        | Found Triwkaaj's Weapon Emporium.
  2596 | D        | Noticed a two-headed ogre
  2596 | D        | Noticed an ogre mage
  2596 | D        | Noticed an ogre
  2596 | D        | Noticed an ogre mage
  2596 | D        | Noticed a two-headed ogre
  2596 | D        | Noticed an ogre mage
  2597 | D        | Found Pnann's Distillery.
  2598 | D        | Killed a two-headed ogre
  2598 | D        | Offered knowledge of Bolt of Cold by Vehumet.
  2598 | D        | Reached skill level 1 in Earth Magic
  2599 | D        | Noticed an ogre
  2600 | D        | Killed an ogre mage
  2600 | D        | Reached skill level 5 in Conjurations
  2604 | D        | Killed an ogre
  2606 | D        | Found Nybaf's Jewellery Emporium.
  2608 | D        | Noticed a two-headed ogre
  2610 | D        | Killed an ogre mage
  2610 | D        | Reached skill level 5 in Earth Magic
  2617 | D        | Noticed an ogre
  2626 | D        | Killed an ogre mage
  2626 | D        | Reached XP level 11. HP: 47/47 MP: 26/36
  2632 | D        | Killed a two-headed ogre
  2637 | D        | Killed a two-headed ogre
  2641 | D        | Killed an ogre
  2647 | D        | Killed an ogre
  2667 | D        | Noticed an ogre
  2668 | D        | Noticed a two-headed ogre
  2669 | D        | Noticed a two-headed ogre
  2674 | D        | Found Hoosobou's Weapon Shoppe.
  2686 | D        | Killed a two-headed ogre
  2698 | D        | Killed a two-headed ogre
  2702 | D        | Killed an ogre
  2718 | D        | Noticed a two-headed ogre
  2731 | D        | Killed a two-headed ogre
  2799 | D        | Bought an uncursed amulet of clarity for 240 gold pieces
  2803 | D        | Bought a potion of beneficial mutation for 350 gold pieces
  2803 | D        | Bought a potion of confusion for 10 gold pieces
  2803 | D        | Bought a potion of paralysis for 10 gold pieces
  2807 | D        | Gained mutation: You are agile. (Dex +2) [potion of beneficial mutation]
  2861 | D        | Noticed Psyche
  2872 | D        | Killed Psyche
  2970 | D        | Noticed a green ugly thing
  2970 | D        | Noticed an unseen horror
  2970 | D        | Noticed an unseen horror
  2970 | D        | Noticed a brown ugly thing
  2970 | D        | Noticed a troll
  2972 | D        | Killed a green ugly thing
  2972 | D        | Offered knowledge of Delayed Fireball by Vehumet.
  2973 | D        | Noticed an ogre mage
  2977 | D        | Killed an unseen horror
  2977 | D        | Reached skill level 5 in Short Blades
  2980 | D        | Noticed an ogre mage
  2981 | D        | Killed an unseen horror
  2981 | D        | Reached skill level 19 in Stealth
  2988 | D        | Killed a brown ugly thing
  2991 | D        | Noticed a centaur warrior
  2996 | D        | Killed a troll
  3008 | D        | Killed an ogre mage
  3008 | D        | Reached skill level 20 in Stealth
  3015 | D        | Killed an ogre mage
  3018 | D        | Killed a centaur warrior
  3018 | D        | Reached skill level 21 in Stealth
  3066 | D        | Noticed a centaur warrior
  3072 | D        | Killed a centaur warrior
  3203 | D        | Noticed an ogre mage
  3204 | D        | Noticed an ogre mage
  3205 | D        | Noticed a yaktaur
  3212 | D        | Killed an ogre mage
  3212 | D        | Offered knowledge of Bolt of Fire by Vehumet.
  3220 | D        | Killed an ogre mage
  3220 | D        | Reached skill level 22 in Stealth
  3224 | D        | Killed a yaktaur
  3395 | D        | Noticed Agnes
  3404 | D        | Mangled by Agnes

Action                   |  1- 3 |  4- 6 |  7- 9 | 10-12 || total
-------------------------+-------+-------+-------+-------++-------
Melee: Dagger            |    31 |       |       |       ||    31
       Cutlass           |     2 |    14 |    88 |    92 ||   196
Throw: Dart              |       |       |       |    12 ||    12
 Cast: Ensorcelled Hiber |     5 |     5 |    21 |    32 ||    63
       Confuse           |     1 |     5 |    13 |    33 ||    52
       Enslavement       |       |     1 |       |       ||     1
       Sure Blade        |       |       |     3 |     7 ||    10
       Invisibility      |       |       |     1 |     2 ||     3
       Iron Shot         |       |       |       |    11 ||    11
Evoke: Wand              |       |       |       |     1 ||     1
  Use: Potion            |     1 |       |     2 |     1 ||     4
       Scroll            |       |       |     4 |     1 ||     5
 Stab: Sleeping          |     3 |     3 |    17 |    29 ||    52
       Confused          |     1 |       |     5 |    13 ||    19
       Invisible         |       |       |     5 |     3 ||     8
